cohdb
Replays
Latest Replays
All Replays
Popular Replays
Top Player Replays
Match Explorer
How It Works
Community
CoH3 Stats
Reddit
Sign in to upload your games and track your stats! →
Sign in with Steam
Match 43916877
Unlisted
Match 43916877
Overview
Messages
Build Orders
End
Construct Weapon Support Center
Selects Armored Battlegroup
Selects Assault Engineers
Assault Engineer Squad
M1919 Machine Gun Team
Assault Engineer Squad
Assault Engineer Squad
Infantry Support Center
Construct Motor Pool
M24 Chaffee Light Tank
Selects Fast Deploy
Selects Field Repairs
Forward Retreat Point
M3 Armored Personnel Carrier
Dahlian
Bish Bash Bosh
Humbarwhy
Rampart Basilone
흰수염고래
흐르는 예성강
0
0
Comments
sign in to comment!
No comments posted yet!